 Dungeon Crawl Stone Soup version 0.28-a0-578-g717728bcc0 (webtiles) character file.

Game seed: 2316796210837034172

16552 Essalna the Zephyrmancer (level 12, -1/76 HPs)
             Began as a Tengu Air Elementalist on Oct 2, 2021.
             Was a Believer of Vehumet.
             Slain by a basilisk (17 damage)
             ... on level 3 of the Lair of Beasts.
             The game lasted 00:46:31 (20689 turns).

Essalna the Zephyrmancer (Tengu Air Elementalist)  Turns: 20689, Time: 00:46:32

Health: -1/76      AC:  4    Str: 11    XL:     12   Next: 38%
Magic:  3/26       EV: 25    Int: 25    God:    Vehumet [**....]
Gold:   537        SH:  0    Dex: 11    Spells: 22/30 levels left

rFire   + . .      SeeInvis +   D - staff of air
rCold   . . .      Faith    .   (no shield)
rNeg    . . .      Spirit   .   a - +0 robe
rPois   .          Reflect  .   k - +2 hat
rElec   +          Harm     .   (no cloak)
rCorr   .          Rampage  .   (no gloves)
Will    .....                   (boots unavailable)
Stlth   ++........              (no amulet)
HPRegen 0.22/turn               l - ring "Agot" {rF+ EV+4 Int+6 Dex-3 SInv}
MPRegen 0.20/turn               r - +4 ring of evasion

@: flying quickly and evasively, quick
A: beak, talons 3, nimble flight
a: Renounce Religion


You were on level 3 of the Lair of Beasts.
You worshipped Vehumet.
Vehumet was pleased with you.
You visited 3 branches of the dungeon, and saw 14 of its levels.
You also visited: Ossuary and Ice Cave.

You collected 657 gold pieces.
You spent 120 gold pieces at shops.

Inventory:

Hand Weapons
 e - a +1 short sword of electrocution
 u - a +3 dagger of electrocution
Missiles
 y - a throwing net
Armour
 a - a +0 robe (worn)
 k - a +2 hat (worn)
 z - a +0 kite shield of protection
Magical Staves
 g - a staff of cold
 D - a staff of air (weapon)
Jewellery
 l - the ring "Agot" (left hand) {rF+ EV+4 Int+6 Dex-3 SInv}
   (You bought it in a shop on level 7 of the Dungeon)

   [ring of evasion]

   EV:        It affects your evasion (+4).
   Int:       It affects your intelligence (+6).
   Dex:       It affects your dexterity (-3).
   rF:        It protects you from fire.
   SInv:      It lets you see invisible.
 p - a ring of positive energy
 r - a +4 ring of evasion (right hand)
Scrolls
 b - 6 scrolls of teleportation
 n - 4 scrolls of noise
 o - 4 scrolls of vulnerability
 t - 3 scrolls of magic mapping
 A - a scroll of blinking
 C - 2 scrolls of holy word {unknown}
 E - 3 scrolls of identify
 F - a scroll of enchant armour
 G - 3 scrolls of silence {unknown}
Potions
 c - 2 potions of degeneration
 d - 3 potions of haste
 f - a potion of resistance
 h - a potion of invisibility
 i - 3 potions of heal wounds
 j - 3 potions of lignification
 m - 2 potions of might
 q - 2 potions of brilliance {unknown}
 s - 2 potions of magic {unknown}
 v - a potion of mutation {unknown}
 w - 4 potions of curing
 x - 2 potions of ambrosia
 B - a potion of cancellation {unknown}


   Skills:
 + Level 9.5 Fighting
 - Level 7.0 Armour
 + Level 8.2 Dodging
 - Level 2.0 Stealth
 + Level 9.8 Spellcasting
 - Level 2.0 Conjurations
 + Level 14.0 Air Magic


You had 22 spell levels left.
You knew the following spells:

 Your Spells              Type           Power      Damage    Failure   Level
a - Shock                 Conj/Air       100%       1d9       1%          1
b - Airstrike             Air            44%        N/A       1%          4
c - Swiftness             Air            89%        N/A       1%          3

Your spell library contained the following spells:

 Spells                   Type           Power      Damage    Failure   Level
 Inner Flame              Hex/Fire       12%        N/A       16%         3
 Static Discharge         Conj/Air       68%        N/A       1%          2
 Petrify                  Tmut/Erth      12%        N/A       45%         4
 Metabolic Englaciation   Hex/Ice        6%         N/A       80%         5
 Summon Forest            Summ/Tloc      6%         N/A       80%         5
 Summon Mana Viper        Hex/Summ       12%        N/A       80%         5
 Statue Form              Tmut/Erth      8%         N/A       100%        6
 Summon Cactus Giant      Summ           6%         N/A       100%        6


Dungeon Overview and Level Annotations

Branches:
Dungeon (10/15)            Temple (1/1) D:7            Lair (3/6) D:9
 Shoals (0/4) Lair:2      Ossuary (visited)           IceCv (visited)
  Snake: Lair:2-4    Spider: Lair:2-4       Orc: D:9-12

Altars:
Cheibriados
Dithmenos
Hepliaklqana
Kikubaaqudgha
Makhleb
Qazlal
Ru
Sif Muna
Trog
Vehumet
Wu Jian
Xom
Yredelemnul
The Shining One

Shops:
D:6 *:   D:7 ![*

Annotations:
D:4 Pikel
D:5 Prince Ribbit
Lair:3 Fannar


Innate Abilities, Weirdness & Mutations

You have a beak for a mouth.
You have claws for feet.
Your magical nature lets you fly swiftly and evasively.


Message History

You are too injured to fight recklessly!
Casting: Airstrike (safe; 1% risk of failure)
Confirm with . or Enter, or press ? or * to list all spells.
Aiming: Airstrike (safe; 1% risk of failure)
Press: ? - help, Dir - move target, f/p - five-headed hydra
Aim: a five-headed hydra (severely wounded, empty space bonus: 6/8)
You feel a surge of power!
The air twists around and strikes the five-headed hydra!
The five-headed hydra is almost dead.
The five-headed hydra closely misses you.
The five-headed hydra completely misses you.
The five-headed hydra bites you! x3
* * * LOW HITPOINT WARNING * * *
The basilisk bites you!
* * * LOW HITPOINT WARNING * * *
Casting: Airstrike (safe; 1% risk of failure)
Confirm with . or Enter, or press ? or * to list all spells.
Aiming: Airstrike (safe; 1% risk of failure)
Press: ? - help, Dir - move target, f/p - five-headed hydra
Aim: a five-headed hydra (almost dead, empty space bonus: 6/8)
You feel a surge of power!
The air twists around and strikes the five-headed hydra!!
You kill the five-headed hydra!
Vehumet accepts your kill. The basilisk closely misses you.
Your Air Magic skill increases to level 14!
You feel better. The basilisk barely misses you.
Casting: Airstrike (safe; 1% risk of failure)
Confirm with . or Enter, or press ? or * to list all spells.
Aiming: Airstrike (safe; 1% risk of failure)
Press: ? - help, Dir - move target, f - basilisk
Aim: a basilisk (empty space bonus: 7/8)
You feel a surge of power!
The air twists around and strikes the basilisk!
The basilisk is heavily wounded.
The basilisk completely misses you.
You barely miss the basilisk. You claw the basilisk.
The basilisk is heavily wounded.
The basilisk bites you!
You die...

.#.........#.
#...........#
.)........# .
#.........#.
..##..........#
.............##
..#....†......#
..)....@l.....#
..........)...#
.............##
.............#
...............
...............
......#......##
......##.##..#


You could see a basilisk.

Vanquished Creatures
  2 hydras
  An oklob plant (Lair:1)
  A manticore (Lair:2)
  6 centaur zombies
  A black mamba (Lair:1)
  4 cane toads (Lair:2)
  Joseph (D:9)
  2 rime drakes (Lair:1)
  2 komodo dragons (Lair:1)
  An ice devil (IceCv)
  3 polar bears (Lair:2)
  A wind drake (Lair:2)
  9 yaks
  Grum (D:9)
  2 wyverns
  A basilisk (D:9)
  2 steam dragons
  7 water moccasins
  2 ice beasts
  6 sky beasts
  7 black bears
  5 orc warriors
  A necrophage (D:5)
  3 centaurs
  2 wolves (D:9)
  A phantom (D:5)
  4 kobold brigands
  11 bullfrogs
  A gnoll sergeant (D:9)
  9 scorpions
  A wyvern zombie (D:7)
  2 wyvern skeletons
  3 water moccasin skeletons
  An elephant simulacrum (IceCv)
  13 killer bees
  25 wights
  A howler monkey (D:7)
  4 human zombies
  3 orc priests
  2 centaur skeletons
  4 bullfrog skeletons
  A hound (D:6)
  3 iguanas
  2 jellies
  2 scorpion zombies (Ossuary)
  7 orc wizards
  A spriggan simulacrum (IceCv)
  A troll simulacrum (IceCv)
  A killer bee zombie (D:9)
  A wolf simulacrum (IceCv)
  A hound skeleton (D:5)
  5 mummies
  5 howler monkey zombies
  Robin (D:2)
  19 gnolls
  9 adders
  2 naga simulacra (IceCv)
  2 white imps
  An ufetubus (D:6)
  4 worms
  A dart slug (D:3)
  21 orcs
  9 ball pythons
  4 bats
  6 endoplasms
  5 giant cockroaches
  3 gnoll zombies (Ossuary)
  9 goblins
  8 hobgoblins
  5 jackals (D:3)
  18 kobolds
  2 quokkas
  3 frilled lizards (D:3)
  2 goblin zombies (Ossuary)
  A hobgoblin zombie (Ossuary)
  2 kobold zombies (Ossuary)
  4 orc zombies (Ossuary)
  3 rats (D:2)
332 creatures vanquished.

Vanquished Creatures (collateral kills)
  A wight (D:6)
  A hound (D:6)
  An iguana (D:6)
3 creatures vanquished.

Vanquished Creatures (others)
  A wizard (D:8)
  11 fungi
  20 plants
32 creatures vanquished.

Grand Total: 367 creatures vanquished

Notes
Turn   | Place    | Note
-------+----------+-------------------------------------------
     0 | D:1      | Essalna the Tengu Air Elementalist began the quest for the
                  | Orb.
     0 | D:1      | Reached XP level 1. HP: 10/10 MP: 4/4
   100 | D:1      | Reached XP level 2. HP: 15/15 MP: 4/6
   950 | D:2      | Reached XP level 3. HP: 19/19 MP: 1/7
  1180 | D:2      | Found a faded altar of an unknown god.
  1490 | D:2      | Reached skill level 5 in Air Magic
  1490 | D:2      | Reached XP level 4. HP: 18/24 MP: 3/9
  1599 | D:2      | Noticed Robin
  1623 | D:2      | Killed Robin
  2365 | D:3      | Gained mutation: Your magical nature lets you fly swiftly
                  | and evasively. [Tengu growth]
  2365 | D:3      | Reached XP level 5. HP: 26/28 MP: 5/11
  2382 | D:3      | Reached skill level 6 in Air Magic
  2391 | D:3      | Learned a level 4 spell: Airstrike
  3372 | D:3      | Reached XP level 6. HP: 32/32 MP: 2/13
  3773 | D:3      | You are sucked into a shaft and drop 1 floor!
  4127 | D:4      | Reached skill level 7 in Air Magic
  4415 | D:4      | Reached skill level 1 in Fighting
  4519 | D:4      | Noticed Pikel
  4572 | D:5      | Entered Level 5 of the Dungeon
  4764 | D:5      | Noticed a sky beast
  4783 | D:5      | Killed a sky beast
  4784 | D:5      | Reached XP level 7. HP: 39/39 MP: 1/15
  4811 | D:5      | Reached skill level 5 in Spellcasting
  5048 | D:5      | Reached skill level 8 in Air Magic
  5386 | D:5      | Reached XP level 8. HP: 46/46 MP: 11/17
  5390 | D:5      | HP: 2/46 [poisoned by a killer bee]
  5972 | D:5      | Reached skill level 9 in Air Magic
  6065 | D:5      | Noticed Prince Ribbit
  6753 | D:5      | Reached skill level 5 in Fighting
  6753 | D:5      | Reached skill level 10 in Air Magic
  6753 | D:5      | Reached XP level 9. HP: 24/54 MP: 1/20
  6942 | D:5      | Found an ancient bone altar of Kikubaaqudgha.
  7046 | D:6      | Found Opynetso's Book Boutique.
  7051 | D:6      | Found a sand-covered staircase.
  7059 | Ossuary  | Entered an ossuary
  8110 | Ossuary  | Reached skill level 1 in Armour
  8464 | Ossuary  | Reached skill level 11 in Air Magic
  8611 | Ossuary  | Learned a level 3 spell: Swiftness
  9033 | D:6      | Reached XP level 10. HP: 61/61 MP: 6/22
  9564 | D:6      | Found Aron's General Store.
  9874 | D:7      | Found Kothrygud's Distillery.
 10902 | D:7      | Found Tekhulou's Assorted Antiques.
 10910 | D:7      | Bought a bound lead ring for 120 gold pieces
 10910 | D:7      | Identified the ring "Agot" {rF+ EV+4 Int+6 Dex-3 SInv} (You
                  | bought it in a shop on level 7 of the Dungeon)
 11018 | D:7      | Identified the +8 hunting sling "Kaiconed" {vorpal, Contam
                  | rCorr Int+4}
 11667 | D:7      | Found Usifydgh's Armour Shop.
 11685 | D:7      | Found a staircase to the Ecumenical Temple.
 11745 | Temple   | Entered the Ecumenical Temple
 11846 | Temple   | Became a worshipper of Vehumet
 12433 | D:8      | Reached skill level 12 in Air Magic
 12437 | D:8      | Reached skill level 5 in Dodging
 13738 | D:8      | Found a shimmering blue altar of Sif Muna.
 13738 | D:8      | Found a shimmering altar of Xom.
 13745 | D:8      | Found a sacrificial altar of Ru.
 13747 | D:8      | Found a faded altar of an unknown god.
 13749 | D:8      | Found a burning altar of Makhleb.
 14042 | D:8      | Found a bloodstained altar of Trog.
 14075 | D:8      | Noticed a wizard
 14078 | D:8      | Killed a wizard
 14223 | D:9      | Noticed Grum
 14622 | D:9      | Reached * piety under Vehumet
 14622 | D:9      | Offered knowledge of Sandblast by Vehumet.
 14632 | D:9      | Reached skill level 5 in Armour
 14632 | D:9      | Reached XP level 11. HP: 68/68 MP: 0/24
 15313 | D:9      | Noticed Joseph
 15316 | D:9      | Found a staircase to the Lair.
 15319 | D:10     | Entered Level 10 of the Dungeon
 15513 | D:9      | Killed Grum
 15661 | D:9      | Killed Joseph
 16310 | D:9      | Found a basalt altar of Yredelemnul.
 16672 | Lair:1   | Entered Level 1 of the Lair of Beasts
 16672 | Lair:1   | Noticed a four-headed hydra
 16676 | Lair:1   | Killed a four-headed hydra
 16730 | Lair:1   | Found a frozen archway.
 16762 | Lair:1   | Reached skill level 13 in Air Magic
 16826 | Lair:1   | Reached ** piety under Vehumet
 16826 | Lair:1   | Offered knowledge of Freeze by Vehumet.
 16839 | IceCv    | Entered an ice cave
 17466 | Lair:1   | Noticed an oklob plant
 17471 | Lair:1   | Killed an oklob plant
 17552 | Lair:1   | Found a burning altar of Makhleb.
 18751 | Lair:2   | Reached XP level 12. HP: 72/75 MP: 0/26
 19895 | Lair:2   | Found a staircase to the Shoals.
 20265 | Lair:2   | Offered knowledge of Inner Flame by Vehumet.
 20579 | Lair:3   | Noticed Fannar
 20579 | Lair:3   | Noticed a death yak
 20580 | Lair:3   | Noticed a death yak
 20581 | Lair:3   | Noticed a death yak
 20681 | Lair:3   | Noticed a five-headed hydra
 20686 | Lair:3   | Killed a five-headed hydra
 20687 | Lair:3   | Reached skill level 14 in Air Magic
 20689 | Lair:3   | Slain by a basilisk

Illustrated notes

Levels and vault maps discovered:
D:1:      lemuel_arrival_behind_the_door_small, layout_loops_ring
D:2:      layout_loops_ring, shapermc_ecumenical_altar_mp_ritualfount,
          kennysheep_boxes, uniq_robin
D:3:      layout_loops_ring
D:4:      layout_basic, uniq_blork_the_orc, uniq_pikel
D:5:      layout_basic, nicolae_kikubaaqudgha_miasma_corner, uniq_prince_ribbit1
D:6:      layout_cave_pools, cheibrodos_sewer_entry_bend, serial_shops, shop,
          shop, enter_ossuary_5
D:7:      wad_river_or_something, layout_loops_ring,
          minmay_temple_entry_poolview, serial_shops, kennysheep_mini, shop,
          shop
D:8:      layout_layer_cave, chequers_temple_overflow_minitemple, trog_wizard
D:9:      layout_loops_ring, lemuel_mausoleum_altar_yredelemnul,
          david_lair_generic, uniq_joseph, uniq_grum
D:10:     layout_stronghold, water_maze_lemuel, uniq_gastronok, uniq_snorg
Temple:   regret_index_temple_generic_petals
Lair:1:   layout_regular_city, portal_ice_cave_rime,
          chequers_serial_rivers_large_b, lemuel_oklob_altar
Lair:2:   layout_chaotic_city, minmay_shoals_entry_beasts, serial_bayou_shore_b,
          serial_bayou_shore_b, grunt_megastairs_1
Lair:3:   layout_long_grid, uniq_fannar, uniq_rupert

Skill      XL: |  1  2  3  4  5  6  7  8  9 10 11 12 |
---------------+-------------------------------------+-----
Conjurations   | 2 |  2.0
Spellcasting   | 3 4 5 6 7 8 9 |  9.8
Air Magic      | 5 6 7 8 10 11 12 13 14 | 14.0
Fighting       | 1 3 5 6 7 8 9 |  9.5
Armour         | 2 5 6 7 |  7.0
Dodging        | 3 5 7 8 |  8.2
Stealth        | |  2.0

Action                   |  1- 3 |  4- 6 |  7- 9 | 10-12 || total
-------------------------+-------+-------+-------+-------++-------
Melee: Short sword       |    10 |    24 |    10 |       ||    44
       Kick              |     4 |     4 |    16 |    52 ||    76
       Peck              |     1 |       |    10 |    31 ||    42
       Unarmed           |     1 |       |       |       ||     1
       Dagger            |       |       |    62 |    27 ||    89
       Staff             |       |       |       |   178 ||   178
 Cast: Shock             |    53 |   146 |    39 |    33 ||   271
       Airstrike         |       |     7 |    99 |   301 ||   407
       Swiftness         |       |       |       |     1 ||     1
  Use: Potion            |       |       |     4 |     3 ||     7
       Scroll            |       |       |    11 |     9 ||    20
 Stab: Sleeping          |     1 |       |       |     5 ||     6
Armor: Robe              |     1 |     4 |     9 |    20 ||    34
Dodge: Dodged            |     7 |    29 |    81 |   313 ||   430

Table legend: (Time is in decaauts)
 A = Elapsed time spent in this place.
 B = Non-inter-level travel time spent in this place.
 C = Inter-level travel time spent in this place.
 D = Time resting spent in this place.
 E = Time spent auto-exploring this place.
 F = Levels seen in this place.
 G = Mean time per level.
                   A        B        C        D        E       F      G
               +--------+--------+--------+--------+--------+-----+--------+
         Total |  19988 |  19430 |    558 |   1012 |  16013 |  16 | 1249.2 |
       Dungeon |  14455 |  14029 |    426 |    293 |  12022 |  10 | 1445.5 |
        Temple |    125 |     86 |     39 |      0 |     78 |   1 |  125.0 |
          Lair |   3466 |   3374 |     92 |    719 |   2250 |   3 | 1155.3 |
       Ossuary |   1523 |   1523 |      0 |      0 |   1300 |   1 | 1523.0 |
      Ice Cave |    416 |    416 |      0 |      0 |    361 |   1 |  416.0 |
               +--------+--------+--------+--------+--------+-----+--------+

Top non-repeatable levels by time:
     D:5: 2470 daAuts
     D:9: 2343 daAuts
     D:7: 2165 daAuts
  Lair:1: 1850 daAuts
     D:8: 1770 daAuts
  Lair:2: 1600 daAuts
     D:3: 1541 daAuts
 Ossuary: 1523 daAuts
     D:2: 1359 daAuts
     D:6: 1099 daAuts
     D:1: 884 daAuts
     D:4: 686 daAuts
   IceCv: 416 daAuts
    D:10: 135 daAuts
  Temple: 125 daAuts
